[Event "Early-Titled-Tuesday-Blitz-July-09-2024"]
[Site "Chess.com"]
[Date "2024.07.09"]
[Round "2"]
[White "Lady_Nika"]
[Black "MarlonJodar"]
[Result "0-1"]
[WhiteElo "2527"]
[BlackElo "2371"]
[TimeControl "180+1"]
[EndTime "8:17:31 PDT"]
[Termination "MarlonJodar won on time"]

1. g4 d5 2. h3 e5 3. Bg2 Be6 4. e3 Ne7 5. d4 Nbc6 6. dxe5 Nxe5 7. f4 Nc4 8. b3 Nd6 9. f5 Bd7 10. Ne2 c6 11. Bb2 h5 12. Nf4 hxg4 13. hxg4 Rxh1+ 14. Bxh1 Qb6 15. Bd4 Qa5+ 16. Qd2 Qxd2+ 17. Nxd2 Nb5 18.
Bb2 Nc8 19. c4 dxc4 20. Nxc4 Ncd6 21. O-O-O Nxc4 22. bxc4 Na3 23. Nh5 Nxc4 24. Nxg7+ Kd8 25. f6 Nxb2 26. Kxb2 Kc7 27. Rxd7+ Kxd7 28. Nf5 Bd6 29. g5 Rg8 30. Ng7 Bf8 31. Nf5 Rxg5 32. Nd4 Bc5 33.
Nb3 Bxe3 34. Be4 Ke6 35. Kc2 Kxf6 36. Kd3 Bb6 37. Nd2 Rg3+ 38. Ke2 Ke5 39. Bh7 Rh3 40. Kd1 f5 41. Nf3+ Rxf3 0-1

[Event "Early-Titled-Tuesday-Blitz-July-09-2024"]
[Site "Chess.com"]
[Date "2024.07.09"]
[Round "2"]
[White "Zhigalko_Sergei"]
[Black "ansko1999"]
[Result "1-0"]
[WhiteElo "2927"]
[BlackElo "2625"]
[TimeControl "180+1"]
[EndTime "8:17:32 PDT"]
[Termination "Zhigalko_Sergei won by resignation"]

1. e4 c5 2. Nf3 Nf6 3. e5 Nd5 4. c3 Nc6 5. Bc4 Nb6 6. Bb3 d6 7. exd6 Qxd6 8. O-O Be6 9. Bxe6 Qxe6 10. a4 Nd5 11. d4 cxd4 12. Nxd4 Qd7 13. Nxc6 Qxc6 14. Qd4 e6 15. Rd1 Nf6 16. Be3 Be7 17. Nd2 O-O 18.
Qc4 Qxc4 19. Nxc4 Nd5 20. Bd4 Rfc8 21. Ne3 Nf4 22. Kf1 f6 23. g3 Ng6 24. Nc2 e5 25. Be3 Nf8 26. h4 h5 27. Ke2 Kf7 28. a5 a6 29. Bb6 Ke6 30. Ne3 Bc5 31. Nd5 Bd6 32.
Rd2 Ng6 33. Rad1 Rc6 34. Be3 Ne7 35. Nxe7 Bxe7 36. Rd7 Rb8 37. Ba7 Ra8 38. Rxb7 Rd6 39. Rxe7+ Kxe7 40. Bc5 Rd8 41. b4 Ke6 42. Bxd6 Rxd6 43.
Rxd6+ Kxd6 44. c4 Kc6 45. f4 e4 46. f5 Kd6 47. b5 axb5 48. cxb5 1-0

[Event "Early-Titled-Tuesday-Blitz-July-09-2024"]
[Site "Chess.com"]
[Date "2024.07.09"]
[Round "2"]
[White "gau248"]
[Black "shimastream"]
[Result "1/2-1/2"]
[WhiteElo "2626"]
[BlackElo "2910"]
[TimeControl "180+1"]
[EndTime "8:17:32 PDT"]
[Termination "Game drawn by repetition"]

1. e4 c6 2. d4 d5 3. Nc3 dxe4 4. Nxe4 Nf6 5. Nxf6+ exf6 6. c3 Bd6 7. Bd3 Na6 8.
Ne2 Nc7 9. Bf4 Bg4 10. f3 Bh5 11. Qc2 Nd5 12. Bxd6 Qxd6 13. Qd2 Bg6 14. O-O-O O-O-O 15. Rde1 Rhe8 16. Bxg6 hxg6 17. Ng3 f5 18. Rxe8 Rxe8 19.
Re1 Rh8 20. Nf1 Nf4 21. g3 Ne6 22. f4 Rd8 23. Qe2 c5 24. dxc5 Nxc5 25. Rd1 Qc6 26. Rxd8+ Kxd8 27. Nd2 Ne6 28. Kc2 g5 29. Qd3+ Ke7 30.
fxg5 g6 31. h4 Qa4+ 32. Nb3 f4 33. gxf4 Qxf4 34. Nd4 Qf2+ 35. Qe2 Qxh4 36. Nxe6 fxe6 37. Qe5 Qf2+ 38. Kb3 Qb6+ 39. Kc2 Qf2+ 40. Kb3 Qb6+ 41. Kc4 Qa6+ 42. Kb3 Qb6+ 1/2-1/2

[Event "Early-Titled-Tuesday-Blitz-July-09-2024"]
[Site "Chess.com"]
[Date "2024.07.09"]
[Round "2"]
[White "SashaKuzhilniy"]
[Black "elis06"]
[Result "0-1"]
[WhiteElo "2598"]
[BlackElo "2408"]
[TimeControl "180+1"]
[EndTime "8:17:32 PDT"]
[Termination "elis06 won on time"]

1. g3 d5 2. Bg2 Nf6 3. d3 g6 4.
Nf3 Bg7 5. O-O O-O 6. c4 c6 7. Na3 Re8 8. Qb3 e5 9. cxd5 cxd5 10.
d4 e4 11. Ne5 Nc6 12. Nxc6 bxc6 13. Bg5 Bd7 14. Rfc1 h6 15. Bxf6 Qxf6 16. e3 Rab8 17. Qc3 Rec8 18. b4 Bf8 19. Nc2 Bd6 20. a3 h5 21. Ra2 h4 22. Na1 Kg7 23. Nb3 hxg3 24. fxg3 Rh8 25. Nc5 Be8 26. Bxe4 dxe4 27. Nxe4 Qe7 28. Nxd6 Qxd6 29. d5+ f6 30. dxc6 Rc8 31.
b5 Bf7 32. Rd2 Qe6 33. a4 Qe4 34. Qd4 Qe6 35. Qxa7 Ra8 36. Qd4 Rhd8 37. Qc3 Re8 38. c7 Rxa4 39. b6 Qxb6 40. Rf1 Rc8 41. Rd7 Qe6 42.
Rd8 Rc4 0-1

[Event "Early-Titled-Tuesday-Blitz-July-09-2024"]
[Site "Chess.com"]
[Date "2024.07.09"]
[Round "2"]
[White "woodpusher52"]
[Black "CristianS27"]
[Result "1-0"]
[WhiteElo "2755"]
[BlackElo "2517"]
[TimeControl "180+1"]
[EndTime "8:17:33 PDT"]
[Termination "woodpusher52 won on time"]

1. d4 Nf6 2. Nf3 g6 3. c4 Bg7 4. Nc3 O-O 5. e4 d6 6. h3 c5 7. d5 e6 8. Nd2 exd5 9. cxd5 a6 10. a4 Nbd7 11. Be2 Re8 12. O-O c4 13. Bxc4 Nc5 14. Re1 Qc7 15. Bf1 Bd7 16. Ra3 a5 17. Qf3 Qb6 18. Nc4 Qc7 19. Qf4 Ra6 20. Nb5 Qb8 21.
Ncxd6 Nh5 22. Qh2 Be5 23. f4 Bxd6 24. e5 Bf8 25. g4 Ng7 26. Be3 Ne4 27. Qc2 Bxa3 28. Nxa3 Ng3 29. Bxa6 bxa6 30. Bf2 N3f5 31. gxf5 Bxf5 32. Qc3 Nh5 33. Qd4 Qb4 34. Nc4 Qxa4 35. d6 Qd7 36. Nb6 Qe6 37. Nd5 Bxh3 38. Kh2 Qg4 39.
Rg1 Qf3 40. Qe3 Qxe3 41. Bxe3 1-0

[Event "Early-Titled-Tuesday-Blitz-July-09-2024"]
[Site "Chess.com"]
[Date "2024.07.09"]
[Round "2"]
[White "lildoggo2007"]
[Black "GeorgiosSouleidis"]
[Result "1-0"]
[WhiteElo "2416"]
[BlackElo "2655"]
[TimeControl "180+1"]
[EndTime "8:17:36 PDT"]
[Termination "lildoggo2007 won on time"]

1. e4 c5 2. Nc3 e6 3. Nge2 Nc6 4. g3 d6 5. Bg2 Nf6 6. O-O Be7 7. d3 O-O 8. f4 Rb8 9. a4 a6 10. h3 Bd7 11. Be3 b5 12. axb5 axb5 13. g4 b4 14. Nb1 Ne8 15. g5 e5 16. h4 exf4 17. Nxf4 Nc7 18.
Nd2 Ne5 19. Kh1 f6 20. gxf6 Bxf6 21. h5 Bg4 22. Qc1 Bh4 23. h6 Bg3 24. Nh3 Qh4 25.
Bg5 Qh5 26. Rxf8+ Rxf8 27. hxg7 Kxg7 28. Nf1 Rxf1+ 29. Qxf1 Bxh3 30. Bxh3 Qxg5 31. Qg2 Nf7 32. Rg1 Bf4 33. Qf2 Ne8 34. Qxf4 h6 35. Rxg5+ Nxg5 36. Qf5 Nf7 37. Qd7 Nf6 38. Qa7 1-0

[Event "Early-Titled-Tuesday-Blitz-July-09-2024"]
[Site "Chess.com"]
[Date "2024.07.09"]
[Round "2"]
[White "Likvidator228"]
[Black "Aygehovit1992"]
[Result "1-0"]
[WhiteElo "2567"]
[BlackElo "2771"]
[TimeControl "180+1"]
[EndTime "8:17:37 PDT"]
[Termination "Likvidator228 won by resignation"]

1. d4 Nf6 2. Nf3 e6 3. Bf4 b6 4. e3 Bb7 5. Nbd2 d5 6. h3 Bd6 7. Bxd6 cxd6 8. Bd3 Nbd7 9. O-O O-O 10. c4 dxc4 11. Nxc4 Qe7 12. Rc1 Rac8 13. Ncd2 e5 14.
Be2 Rxc1 15. Qxc1 Rc8 16. Qb1 e4 17. Nh2 d5 18. Rc1 Qb4 19. Rxc8+ Bxc8 20. Qc2 Bb7 21. a3 Qd6 22. Nhf1 g6 23. b4 h5 24. Nb1 h4 25.
Nc3 Qc7 26. Qb3 a6 27. a4 Nf8 28. Nh2 Ne6 29. Ng4 Nxg4 30. Bxg4 f5 31. Nxd5 Qc1+ 32. Kh2 fxg4 33. Nf4 Kh7 34. Qxe6 g3+ 35. fxg3 hxg3+ 36. Kxg3 Qxe3+ 37. Kg4 Qxd4 38. Qxg6+ Kh8 39. Qe8+ Kh7 40.
Qe7+ Qg7+ 41. Qxg7+ Kxg7 42. a5 bxa5 43. bxa5 Kf6 44. h4 e3 45. g3 Ke5 46. h5 Be4 47. Kg5 Kd4 48. Kf6 Bb1 49. h6 Kc3 50. g4 Kd4 51. g5 Ke4 52. Ne2 Kf3 53. Nc3 Bd3 54.
g6 1-0

[Event "Early-Titled-Tuesday-Blitz-July-09-2024"]
[Site "Chess.com"]
[Date "2024.07.09"]
[Round "2"]
[White "ninguno46"]
[Black "Sawatdeekhrap"]
[Result "1-0"]
[WhiteElo "2559"]
[BlackElo "2756"]
[TimeControl "180+1"]
[EndTime "8:17:37 PDT"]
[Termination "ninguno46 won by resignation"]

1. Nf3 c5 2. c4 Nf6 3. e3 g6 4. Nc3 Bg7 5. d4 O-O 6. Be2 cxd4 7. exd4 d5 8. c5 b6 9. cxb6 axb6 10. O-O Bg4 11. Ne5 Bxe2 12. Qxe2 Nfd7 13. Nf3 e6 14. h4 h5 15. Bg5 Bf6 16. Rac1 Re8 17. Rfe1 Bxg5 18.
hxg5 Nc6 19. Nb5 Ndb8 20. a3 Ra5 21. b4 Ra8 22. Rc3 Qd7 23. Rec1 Rd8 24. Ne5 Nxe5 25. dxe5 Na6 26. Nd6 Qe7 27. Qe3 d4 28. Qxd4 Qxg5 29. Qe4 h4 30. R1c2 Rab8 31. Rf3 Rf8 32. Rh3 Rbd8 33.
Qxh4 Qxh4 34. Rxh4 Rd7 35. Rc3 f5 36. Rch3 g5 37. Rh8+ Kg7 38. R3h7+ Kg6 39. Rh6+ Kg7 40. R8h7+ Kg8 41. Rxd7 Rc8 42. Nxc8 1-0

[Event "Early-Titled-Tuesday-Blitz-July-09-2024"]
[Site "Chess.com"]
[Date "2024.07.09"]
[Round "2"]
[White "EpicWarrior2015"]
[Black "Akewjon"]
[Result "0-1"]
[WhiteElo "2457"]
[BlackElo "2745"]
[TimeControl "180+1"]
[EndTime "8:17:38 PDT"]
[Termination "Akewjon won by resignation"]

1. e4 c5 2. Nc3 d6 3. d3 g6 4. Be3 Bg7 5. g3 Nc6 6. Bg2 e6 7. f4 Nge7 8. Nf3 O-O 9. O-O Nd4 10. Bf2 Rb8 11. Nxd4 cxd4 12. Ne2 e5 13. c3 dxc3 14.
bxc3 b6 15. Qd2 Bb7 16. d4 exf4 17. Nxf4 Rc8 18. Rfe1 Rc7 19. Rac1 Qd7 20. Nd3 Qa4 21. Qc2 Qd7 22. Qd2 Rfc8 23. Nf4 Qa4 24. Re3 Bxd4 25. Rd3 Be5 26. Be3 Bxe4 27. Bxe4 Qxe4 28. Bf2 Nf5 29.
Rd5 Rxc3 30. Rxc3 Rxc3 31. Rd3 Rxd3 32. Qxd3 Qxd3 33. Nxd3 Kg7 34. Nxe5 dxe5 35. Kg2 Kf6 36. Kf3 Ke6 37. Ke4 Nd6+ 38. Kd3 Kd5 39. Be3 Nc4 40. Bc1 f5 41. h4 b5 42. a3 a5 43. Ke2 b4 44. axb4 axb4 45. Kd3 e4+ 46. Kc2 Kd4 47.
Bf4 e3 48. Bh6 e2 49. Bg7+ Ke4 0-1

[Event "Early-Titled-Tuesday-Blitz-July-09-2024"]
[Site "Chess.com"]
[Date "2024.07.09"]
[Round "2"]
[White "prosequi"]
[Black "tgpgoat"]
[Result "0-1"]
[WhiteElo "2325"]
[BlackElo "2528"]
[TimeControl "180+1"]
[EndTime "8:17:38 PDT"]
[Termination "tgpgoat won by resignation"]

1. e4 c5 2. Nc3 e6 3. Nge2 Nc6 4.
g3 Qc7 5. Bg2 a6 6. O-O Nf6 7.
f4 d6 8. h3 Be7 9. g4 O-O 10. d3 b5 11. Ng3 Bb7 12. g5 Nd7 13. f5 Kh8 14. Qh5 Nce5 15. Bf4 Rg8 16. Qe2 Qb6 17. Kh1 b4 18. Nd1 Nc6 19. g6 fxg6 20.
fxg6 hxg6 21. Qg4 Nf8 22. Bg5 Bxg5 23. Qxg5 Qd8 24. Qg4 Ne5 25. Qe2 Qg5 26. Kh2 Nh7 27.
Ne3 Nf6 28. c3 Qxe3 29. Qxe3 Nfg4+ 30. hxg4 Nxg4+ 31. Kh3 Nxe3 32. Rh1 Rgf8 33. Ne2 Nxg2 34. Kxg2+ Kg8 35. Kg3 bxc3 36. bxc3 e5 37. Rab1 Rab8 38. Rb6 Bxe4 39. Rxb8 Bxh1 40. Rb6 Rf3+ 41. Kh2 Rf2+ 42.
Kxh1 Rxe2 43. Rxd6 Rxa2 44. Rxg6 Rd2 45. Rxa6 Rxd3 46.
Re6 Rxc3 47. Rxe5 Rc2 48. Re8+ Kh7 49. Rc8 c4 50. Kg1 g5 51. Rc6 g4 52. Kf1 c3 53.
Ke1 g3 54. Kd1 Ra2 55. Rxc3 g2 56. Rh3+ Kg6 57. Rg3+ Kh5 58. Ke1 Kh4 59. Rg8 Kh3 60. Rh8+ Kg3 61. Rg8+ Kh2 62. Rh8+ Kg1 63. Rg8 Ra7 64.
Ke2 Re7+ 65. Kf3 Kf1 0-1

[Event "Early-Titled-Tuesday-Blitz-July-09-2024"]
[Site "Chess.com"]
[Date "2024.07.09"]
[Round "2"]
[White "kuchma777"]
[Black "seasidesunset"]
[Result "0-1"]
[WhiteElo "2463"]
[BlackElo "2265"]
[TimeControl "180+1"]
[EndTime "8:17:38 PDT"]
[Termination "seasidesunset won on time"]

1. e4 c5 2. Nf3 d6 3. c3 Nf6 4.
Be2 g5 5. Nxg5 Rg8 6. h4 h6 7. Nf3 Rxg2 8. d3 Ng4 9. Be3 Nxe3 10. fxe3 e5 11. Qd2 Bg4 12. Ng1 Be7 13. Kf1 Bxe2+ 14.
Kxg2 Bh5 15. Qf2 Nd7 16. Ne2 Nf6 17. Ng3 Bg4 18. Na3 Qd7 19. Raf1 O-O-O 20. Nf5 Rg8 21. Nxe7+ Qxe7 22. Kh2 Rg6 23. Rhg1 h5 24. Nc4 d5 25. exd5 Nxd5 26. Qxf7 Qxh4+ 27. Kg2 Bh3+ 28. Kf3 Rf6+ 29. Qxf6 Qxf6+ 30. Ke2 Qh4 31. Rf8+ Kd7 32. Rg7+ Ne7 33. Nxe5+ Ke6 34. Nf3 Bg4 35. e4 Bxf3+ 36. Rxf3 Qh2+ 37. Ke3 Qxb2 38. Rg5 Qc1+ 39. Ke2 Qxg5 0-1

[Event "Early-Titled-Tuesday-Blitz-July-09-2024"]
[Site "Chess.com"]
[Date "2024.07.09"]
[Round "2"]
[White "Nitzan_Steinberg"]
[Black "Stanbad1"]
[Result "1-0"]
[WhiteElo "2881"]
[BlackElo "2604"]
[TimeControl "180+1"]
[EndTime "8:17:39 PDT"]
[Termination "Nitzan_Steinberg won by resignation"]

1. e4 e6 2. d4 d5 3. Nc3 Nf6 4. e5 Nfd7 5. f4 c5 6. Nf3 Nc6 7. Be3 Be7 8. Qd2 a6 9. a3 cxd4 10. Nxd4 Nc5 11. Be2 O-O 12. O-O Bd7 13. Rad1 Rc8 14.
Kh1 b5 15. b4 Nb7 16. Bd3 a5 17.
Ncxb5 axb4 18. Nxc6 Bxc6 19. axb4 Bxb5 20. Bxb5 Qc7 21.
Bd3 Rfd8 22. Bd4 Ra8 23. Ra1 Rdc8 24. c3 Nd8 25. b5 Bc5 26. f5 exf5 27. Bxf5 Ne6 28.
h3 h6 29. Qd3 Qb6 30. Rxa8 Rxa8 31. Bxe6 fxe6 32. Qg6 Bxd4 33. cxd4 Qxd4 34. Qxe6+ Kh8 35. b6 Qb2 36. Qxd5 Rb8 37. e6 Qxb6 38. e7 Kh7 39. Qf5+ Kh8 40. Qf8+ Kh7 41. e8=Q Rxe8 42. Qxe8 Qb2 43.
Qe4+ Kg8 44. Qd5+ Kh7 45. Qf5+ Kg8 46. Qf2 Qb5 47. Qf3 Qd7 48. Rd1 Qe6 49. Qd5 Qxd5 50.
Rxd5 1-0

[Event "Early-Titled-Tuesday-Blitz-July-09-2024"]
[Site "Chess.com"]
[Date "2024.07.09"]
[Round "2"]
[White "dapsay"]
[Black "Makswolf200817"]
[Result "1-0"]
[WhiteElo "2560"]
[BlackElo "2758"]
[TimeControl "180+1"]
[EndTime "8:17:39 PDT"]
[Termination "dapsay won on time"]

1. e4 e6 2. d3 d5 3. Nd2 Nf6 4. g3 c5 5. Bg2 Nc6 6. Ngf3 g6 7. O-O Bg7 8. Re1 O-O 9. c3 a5 10. a4 b6 11. Qb3 Ba6 12. Bf1 Qc7 13. Qc2 Rad8 14. Be2 Rfe8 15. Nf1 e5 16. N1d2 Ne7 17. exd5 Nexd5 18. Nc4 e4 19. dxe4 Rxe4 20. Bg5 Bxc4 21. Bxc4 Rxc4 22. Bxf6 Nxf6 23. b3 Rg4 24. h3 Re4 25.
Rxe4 Nxe4 26. Qxe4 Bxc3 27. Rc1 Bf6 28. Kg2 Kg7 29. Rc2 h5 30. h4 Qe7 31. Qxe7 Bxe7 32. Rd2 Rc8 33. Ne5 Bf6 34. Nc4 Bd4 35. Rd3 Rb8 36.
Kf3 Kf6 37. Rd2 Ke6 38. Re2+ Kf6 39. Nd6 Rd8 40. Nc4 Ba1 41. Nxb6 Rd3+ 42. Re3 Rd2 43. Nc4 Rc2 44. Nxa5 Bd4 45. Re2 Rc3+ 46. Kg2 Kf5 47. f3 Kf6 48. Rd2 Rc1 49. Nc6 Bc3 50. Rd6+ Kg7 51.
Rd5 Be1 52. Ne5 Rc2+ 53. Kh3 Rc3 54. Rd7 Kf6 55. Nd3 Bd2 56. Nxc5 Rxc5 57. Rxd2 Rc3 58. Rb2 Rxf3 59. b4 Ra3 60. a5 Ra4 61. Kg2 Ke5 62. Kf3 Kd4 63. Kf4 f6 64. Rb1 Kd5 65. Rd1+ Kc6 66. Rc1+ Kd6 67. Rc4 Kd5 68. Rc5+ Kd4 69. Rb5 Kc4 70. Rb6 Ra3 71. a6 g5+ 72. hxg5 fxg5+ 73. Kxg5 Rxg3+ 74. Kxh5 Ra3 75. b5 Kc5 76. Rb7 Rg3 77. a7 1-0

[Event "Early-Titled-Tuesday-Blitz-July-09-2024"]
[Site "Chess.com"]
[Date "2024.07.09"]
[Round "2"]
[White "Bauman_Guy"]
[Black "Dmitry_Ponomarev"]
[Result "1-0"]
[WhiteElo "2958"]
[BlackElo "2529"]
[TimeControl "180+1"]
[EndTime "8:17:39 PDT"]
[Termination "Bauman_Guy won by checkmate"]

1. e4 c6 2. Ne2 d5 3. exd5 cxd5 4.
d4 Nf6 5. c3 Nc6 6. Bf4 Bf5 7.
Nd2 h6 8. Ng3 Bh7 9. Be2 e6 10.
O-O Bd6 11. Bxd6 Qxd6 12. Qb3 O-O 13. Rae1 a6 14. f4 b5 15. a3 Rfc8 16. Kh1 Rab8 17. Nh5 Nxh5 18. Bxh5 a5 19. Nf3 b4 20. Ne5 Rc7 21.
axb4 axb4 22. Qa4 Nxe5 23. fxe5 Qb6 24. Re3 bxc3 25. bxc3 Qb5 26. Qd1 Bf5 27. h3 Qb1 28. Qf3 Qa2 29. Kh2 Rb1 30. Rxb1 Qxb1 31. Qg3 Qc1 32.
Be2 Rb7 33. c4 Rb1 34. Qf2 Qh1+ 35. Kg3 dxc4 36. Bxc4 Qc1 37. Bd3 Rb2 38. Qf3 Bxd3 39. Rxd3 Qe1+ 40. Kh2 Qg1+ 41. Kg3 Qe1+ 42. Kh2 Qg1+ 43. Kxg1 Rb1+ 44. Kh2 Rb2 45. d5 exd5 46. Rxd5 Rb8 47. Rd7 Rf8 48. e6 fxe6 49. Qg4 Rf7 50. Qxe6 Kh7 51. Qxf7 Kh8 52. Qxg7# 1-0

[Event "Early-Titled-Tuesday-Blitz-July-09-2024"]
[Site "Chess.com"]
[Date "2024.07.09"]
[Round "2"]
[White "ChEsper99"]
[Black "TheoSlade"]
[Result "1-0"]
[WhiteElo "2265"]
[BlackElo "2467"]
[TimeControl "180+1"]
[EndTime "8:17:39 PDT"]
[Termination "ChEsper99 won by checkmate"]

1. d4 d5 2. c4 e6 3. Nf3 a6 4. cxd5 exd5 5. Nc3 c6 6. Bf4 Bd6 7. Bxd6 Qxd6 8. e3 Ne7 9. Bd3 O-O 10. h3 Bf5 11. O-O Nd7 12. Be2 Nf6 13. Nh4 Rfe8 14. Nxf5 Nxf5 15. Bd3 Qd7 16. Qc2 Nd6 17. Rae1 Nfe4 18.
Nxe4 dxe4 19. Be2 f5 20. d5 cxd5 21. Rd1 Nf7 22. Qb3 Red8 23. Rd4 Rac8 24. Rfd1 Rc5 25. g3 Ng5 26. Rxd5 Rxd5 27. Rxd5 Qxd5 28. Bc4 Nf3+ 29. Kg2 Qxc4 30. Qxc4+ Kh8 31. g4 Nh4+ 32. Kg3 g5 33.
Qf7 Rg8 34. gxf5 Nf3 35. Qf6+ Rg7 36. Qf8+ Rg8 37. Qe7 h5 38. f6 h4+ 39. Kg4 Nh2+ 40. Kh5 Nf3 41. Kh6 g4 42. Qh7# 1-0

[Event "Early-Titled-Tuesday-Blitz-July-09-2024"]
[Site "Chess.com"]
[Date "2024.07.09"]
[Round "2"]
[White "Klendi"]
[Black "rezamahdavi2008"]
[Result "1/2-1/2"]
[WhiteElo "2425"]
[BlackElo "2939"]
[TimeControl "180+1"]
[EndTime "8:17:40 PDT"]
[Termination "Game drawn - insufficient material"]

1. e4 e5 2. Nf3 Nc6 3. Bb5 a6 4. Ba4 Nf6 5. O-O Nxe4 6. d4 b5 7. Bb3 d5 8. dxe5 Be6 9. c3 Bc5 10. Nbd2 O-O 11. Bc2 Nxf2 12. Rxf2 f6 13. Nf1 Bxf2+ 14. Kxf2 fxe5 15. Kg1 Bg4 16. Ne3 Be6 17. Bd2 Qf6 18. Be1 e4 19. Nxd5 Qf5 20.
Nxc7 Rad8 21. Qe2 exf3 22. Qxe6+ Qxe6 23. Nxe6 f2+ 24. Bxf2 Rxf2 25. Nxd8 Rxc2 26. Nxc6 Rxb2 27. a4 Rc2 28. axb5 axb5 29. Nd4 Rxc3 30. Nxb5 Rc8 31.
Nd6 Rd8 32. Ne4 h6 33. Ra5 Kh7 34. g3 Rd4 35. Re5 Rb4 36. Nf2 Rb2 37. Kg2 Kg6 38.
h4 Kf6 39. Rc5 Ra2 40. h5 Rb2 41. Rc6+ Kg5 42. Rc5+ Kf6 43. Kf3 Rb3+ 44. Kf4 Kf7 45.
Ne4 Kg8 46. Rc7 Kh7 47. g4 Rb4 48. Kf5 Rb5+ 49. Ke6 Kg8 50. Nd6 Rb6 51. Rc8+ Kh7 52. Kd5 Ra6 53. Nf7 g6 54. Rc7 gxh5 55. gxh5 Ra5+ 56.
Rc5 Ra1 57. Ne5 Kg7 58. Ke6 Ra7 59. Rd5 Ra6+ 60. Rd6 Rxd6+ 61. Kxd6 Kf6 62. Nf3 Kf5 63. Ke7 Kg4 64. Kf6 Kxh5 65. Ne5 Kh4 66. Ng6+ Kg4 67. Ne5+ Kf4 68. Ng6+ Kg3 69. Ne5 h5 70. Ng6 Kg4 71. Kg7 Kg5 72. Kf7 Kh6 73. Kf6 Kh7 74. Kg5 h4 75. Kxh4 1/2-1/2

[Event "Early-Titled-Tuesday-Blitz-July-09-2024"]
[Site "Chess.com"]
[Date "2024.07.09"]
[Round "2"]
[White "MaxLeto"]
[Black "nitpicker"]
[Result "1-0"]
[WhiteElo "2504"]
[BlackElo "2295"]
[TimeControl "180+1"]
[EndTime "8:17:40 PDT"]
[Termination "MaxLeto won on time"]

1. g4 d5 2. Bg2 c6 3. h3 e5 4. d4 e4 5. c4 Bd6 6. Nc3 Ne7 7. Qb3 a6 8. Bg5 f6 9. Bd2 Bc7 10. e3 b5 11. cxd5 cxd5 12. Nge2 Nbc6 13. Rc1 Na5 14. Qc2 Nc4 15. b3 Nxd2 16. Qxd2 h5 17. gxh5 Rxh5 18. f3 exf3 19. Bxf3 Rxh3 20. Rxh3 Bxh3 21.
Kf2 Qd6 22. Rh1 Qe6 23. a4 b4 24. Nd1 Bd6 25. Nb2 Kf7 26. Nd3 Bf5 27. Ndf4 Bxf4 28. Nxf4 Qd6 29. Bh5+ g6 30. Bf3 Kg7 31. Qe2 Rc8 32.
Rd1 Rc3 33. Rd2 Rxb3 34. a5 Rc3 35. Rb2 b3 36. Qd2 Rc2 37. Rxc2 bxc2 38. Qc3 Qc6 39. Qxc6 Nxc6 40. Ne2 Nxa5 41. Nc1 Nc4 42. Ke2 a5 43. Bxd5 1-0

[Event "Early-Titled-Tuesday-Blitz-July-09-2024"]
[Site "Chess.com"]
[Date "2024.07.09"]
[Round "2"]
[White "Cmorales2001"]
[Black "yesilikeorangejuice"]
[Result "0-1"]
[WhiteElo "2342"]
[BlackElo "2538"]
[TimeControl "180+1"]
[EndTime "8:17:41 PDT"]
[Termination "yesilikeorangejuice won by checkmate"]

1. e4 e6 2. d4 d5 3. Nd2 Be7 4. Ngf3 Nf6 5. Bd3 c5 6. exd5 Qxd5 7. dxc5 Nbd7 8. O-O O-O 9. b4 a5 10. Bc4 Qh5 11. c3 b6 12. c6 Ne5 13. Be2 Nxf3+ 14. Bxf3 Qe5 15. b5 Qxb5 16. Rb1 Qc5 17. Nb3 Qf5 18.
Be3 Ba6 19. Re1 Rad8 20. Nd4 Qg6 21. Rxb6 Bc4 22. Qa4 Bd5 23. Rb7 Bc5 24. Bxd5 Nxd5 25. Qc4 Bxd4 26. cxd4 Rc8 27. Rc1 Qe4 28. Rb3 f5 29. f3 Qh4 30. Bf2 Qg5 31. Re1 Qf6 32.
Rb7 f4 33. Qe2 Rxc6 34. Qe4 Rfc8 35. g3 fxg3 36. hxg3 Rc1 37. Rxc1 Rxc1+ 38. Kg2 Rc2 39. Rb8+ Kf7 40. Qxh7 Ne3+ 41. Kh3 Rxf2 42. Qg8+ Ke7 43.
Qe8+ Kd6 44. Rb6+ Kd5 45. Qc6+ Kxd4 46. Qa4+ Kd3 47. Rb3+ Ke2 48. Qb5+ Ke1 49. Rb2 Rxb2 50. Qxb2 Qh6# 0-1

[Event "Early-Titled-Tuesday-Blitz-July-09-2024"]
[Site "Chess.com"]
[Date "2024.07.09"]
[Round "2"]
[White "Slovineanu"]
[Black "Resourchess"]
[Result "1-0"]
[WhiteElo "2579"]
[BlackElo "2370"]
[TimeControl "180+1"]
[EndTime "8:17:42 PDT"]
[Termination "Slovineanu won on time"]

1. d4 d6 2. e4 g6 3. Nc3 Bg7 4. Be3 a6 5. Nf3 b5 6. h4 h6 7. Bd3 Bb7 8. e5 e6 9. a4 b4 10. Ne4 Bxe4 11. Bxe4 d5 12. Bd3 Ne7 13. h5 g5 14. O-O Nd7 15. Nh2 c5 16. c3 bxc3 17.
bxc3 Qa5 18. Rc1 f5 19. exf6 Nxf6 20. Re1 O-O 21. Ng4 c4 22. Bb1 Qb6 23. Ne5 Qd6 24. Qc2 Nf5 25. g4 Nxe3 26. Rxe3 Ra7 27. Rce1 Re7 28.
Ng6 Ne4 29. f3 Qg3+ 30. Qg2 Ref7 31. Nxf8 Rxf8 32. fxe4 Qxg2+ 33. Kxg2 Rf4 34. Kg3 Bf8 35. Rf3 Bd6 36. Rxf4 Bxf4+ 37. Kf3 Kf7 38. exd5 exd5 39. Bg6+ Kf6 40. Rb1 Bd2 41. Rb6+ Kg7 42. Rxa6 Bxc3 43.
Rd6 Bxd4 44. Rxd5 Bf6 45. Rd7+ Kh8 46. Ke4 c3 47. Kf5 1-0

[Event "Early-Titled-Tuesday-Blitz-July-09-2024"]
[Site "Chess.com"]
[Date "2024.07.09"]
[Round "2"]
[White "dey2580"]
[Black "Resignify"]
[Result "1/2-1/2"]
[WhiteElo "2483"]
[BlackElo "2272"]
[TimeControl "180+1"]
[EndTime "8:17:42 PDT"]
[Termination "Game drawn by repetition"]

1. Nf3 Nf6 2. g3 g6 3. Bg2 Bg7 4. O-O O-O 5. d4 d6 6. b3 Nbd7 7. Bb2 a5 8. a4 e5 9. dxe5 Ng4 10. Nbd2 Ngxe5 11. Qc1 Qe7 12. e3 Nc5 13. Nxe5 dxe5 14. Nc4 e4 15. Bxg7 Kxg7 16. Qb2+ Qf6 17. Qxf6+ Kxf6 18. Rad1 Be6 19. Nd2 Bg4 20. f3 exf3 21. Nxf3 Kg7 22.
Rd4 Bf5 23. Rc4 Na6 24. Nd4 Bc8 25. Nb5 c6 26. Nd6 Be6 27. Rc3 Rab8 28. e4 Rfd8 29. e5 Nc7 30. Be4 Ne8 31. Rd3 Nxd6 32. exd6 Rd7 33. c4 c5 34. Rfd1 Rbd8 35. Kf2 Kf6 36. Ke3 Ke5 37. Rd5+ Bxd5 38. Rxd5+ Ke6 39. Rxc5 b6 40.
Bd5+ Kf6 41. Rc6 Rxd6 42. Rc7 R8d7 43. Rc8 Ke7 44. Kd4 Rd8 45. Rc7+ R8d7 46. Rc8 Rd8 47. Rc7+ R8d7 48. Rc8 1/2-1/2

[Event "Early-Titled-Tuesday-Blitz-July-09-2024"]
[Site "Chess.com"]
[Date "2024.07.09"]
[Round "2"]
[White "sirinbaba33"]
[Black "Rakhmanov_Aleksandr"]
[Result "0-1"]
[WhiteElo "2576"]
[BlackElo "2843"]
[TimeControl "180+1"]
[EndTime "8:17:43 PDT"]
[Termination "Rakhmanov_Aleksandr won by resignation"]

1. e4 c5 2. Nf3 Nf6 3. e5 Nd5 4. Nc3 Nxc3 5. dxc3 Nc6 6. Bf4 Qb6 7. b3 Qc7 8. Qd2 e6 9. Be2 h6 10. h4 b6 11.
O-O-O a6 12. Rh3 b5 13. c4 bxc4 14. Bxc4 Na5 15. Bd3 c4 16. Qc3 Rb8 17. Bxc4 Ba3+ 18. Kb1 Bb4 19. Qd3 Nxc4 20. Nd4 Na3+ 21. Kb2 a5 22.
Rg3 g6 23. c3 Bf8 24. Bc1 a4 25. Ka1 axb3 26. axb3 Qa5 27. Rd2 Nb5+ 28. Kb1 Nxd4 29.
cxd4 Ra8 30. Bb2 Ba6 31. Qe4 Rb8 32. Rc2 Bb7 33. Qd3 Bd5 34. Rxg6 Qe1+ 35. Rc1 Be4 36. Rxe1 Bxd3+ 37. Kc1 Bxg6 38. h5 Bf5 39. Re3 Bh7 40. g4 Be7 41. Rc3 Bg5+ 42. Kd1 Be7 43. f4 Rg8 0-1

[Event "Early-Titled-Tuesday-Blitz-July-09-2024"]
[Site "Chess.com"]
[Date "2024.07.09"]
[Round "2"]
[White "Arteler"]
[Black "karinachess1"]
[Result "1-0"]
[WhiteElo "2272"]
[BlackElo "2683"]
[TimeControl "180+1"]
[EndTime "8:17:44 PDT"]
[Termination "Arteler won on time"]

1. e4 e5 2. Nf3 Nc6 3. Bb5 Nf6 4.
O-O Nxe4 5. d4 Nd6 6. dxe5 Nxb5 7. a4 Nbd4 8. Nxd4 Nxd4 9. Qxd4 d5 10. exd6 Qxd6 11. Qe4+ Qe6 12. Qd4 c5 13. Qc3 Qc6 14. Na3 Be6 15. Bf4 a6 16. Rad1 Qe4 17. Be5 Be7 18.
Rfe1 Qg6 19. Bd6 Bxd6 20. Rxd6 O-O 21. Qxc5 Rac8 22. Qb4 Rc7 23. c3 h5 24. h4 Rfc8 25. Qe4 Qf6 26. Re3 Qe7 27. Qd4 b5 28. axb5 axb5 29. Qb4 Rc5 30. Rd4 Qb7 31. Rde4 Qc6 32. Qd4 Rf5 33. Re5 Rxe5 34. Qxe5 g6 35. Nc2 Qc5 36. Nd4 Bc4 37. Qf6 b4 38. Re5 Qf8 39. Rg5 bxc3 40. bxc3 Bd3 41. Rg3 Be4 42. Re3 Bb1 43. Re7 Qg7 44. Qf3 Ba2 45. Ne6 1-0